 Dungeon Crawl Stone Soup version 0.29.1-1-gd02db6906a (webtiles) character file.

Game seed: 9186100039813251106

335 Sabo the Gusty (level 6, -2/38 HPs)
             Began as an Octopode Air Elementalist on Oct 15, 2022.
             Was a Priest of Fedhas.
             Slain by a yak (6 damage)
             ... on level 3 of the Dungeon.
             The game lasted 00:38:17 (6871 turns).

Sabo the Gusty (Octopode Air Elementalist)          Turns: 6871, Time: 00:38:19

Health: -2/38      AC:  3    Str: 10    XL:     6   Next: 53%
Magic:  8/11       EV: 13    Int: 20    God:    Fedhas [***...]
Gold:   94         SH:  0    Dex: 12    Spells: 7/12 levels left

rFire   . . .      SeeInvis +   i - +2 spear (vamp)
rCold   . . .      Faith    .   (no shield)
rNeg    . . .      Spirit   .   t - +2 hat
rPois   .          Reflect  .   (no amulet)
rElec   .          Harm     .   b - ring of flight
rCorr   .          Rampage  .   p - ring "Gobam" {+Blink Str+3 SInv}
Will    .....                   (no ring)
Stlth   +++.......              (no ring)
HPRegen 0.12/turn               (no ring)
MPRegen 0.12/turn               (no ring)
                                (no ring)
                                (no ring)

@: lethally poisoned (-2 -> -5), flying
A: almost no armour, amphibious, 8 rings, camouflage 1, gelatinous body 1,
(nimble swimmer 1), tentacles
a: Renounce Religion, Evoke Blink, Wall of Briars, Grow Ballistomycete


You were on level 3 of the Dungeon.
You worshipped Fedhas.
Fedhas was most pleased with you.
You visited 1 branch of the dungeon, and saw 4 of its levels.

You collected 94 gold pieces.

Inventory:

Hand Weapons
 d - a +3 dagger
 h - a +0 rapier
 i - a +2 vampiric spear (weapon)
 r - a +0 arbalest
 w - a +2 short sword of flaming
Missiles
 e - 11 poisoned darts (quivered)
 q - 6 atropa-tipped darts
Armour
 t - a +2 hat (worn)
Jewellery
 b - a ring of flight (left tentacle)
 p - the ring "Gobam" (right tentacle) {+Blink Str+3 SInv}
   (You acquired it on level 3 of the Dungeon)

   [ring of see invisible]

   Str:       It affects your strength (+3).
   SInv:      It lets you see invisible.
   +Blink:    It lets you blink.
Scrolls
 c - a scroll of enchant armour
 g - 2 scrolls of blinking
 j - 2 scrolls of teleportation
 n - a scroll of poison
 u - a scroll of fog
 x - a scroll of silence {unknown}
Potions
 a - a potion of magic
 f - 2 potions of resistance
 k - a potion of brilliance {unknown}
 l - a potion of ambrosia {unknown}
 m - a potion of haste {unknown}
 o - a potion of lignification {unknown}
 v - a potion of heal wounds {unknown}


   Skills:
 + Level 1.1 Fighting
 + Level 0.3 Short Blades
 + Level 0.7 Maces & Flails
 + Level 1.8 Polearms
 + Level 2.5 Dodging
 + Level 3.5 Stealth
 + Level 3.6 Spellcasting
 + Level 2.5 Conjurations
 + Level 4.2 Air Magic


You had 7 spell levels left.
You knew the following spells:

 Your Spells              Type           Power      Damage    Failure   Level
a - Shock                 Conj/Air       68%        1d7       3%          1
b - Airstrike             Air            10%        2d(2-18)  24%         4

Your spell library contained the following spells:

 Spells                   Type           Power      Damage    Failure   Level
 Static Discharge         Conj/Air       17%        3-6/arc   4%          2
 Swiftness                Air            20%        N/A       7%          3


Dungeon Overview and Level Annotations

Branches:
Dungeon (4/15)             Temple (0/1) D:4

Altars:
Dithmenos
Fedhas


Innate Abilities, Weirdness & Mutations

You cannot wear most types of armour.
You are amphibious.
You can wear up to eight rings at the same time.
Your skin changes colour to match your surroundings (Stealth+).
Your rubbery body absorbs attacks. (AC +1, EV +1)
((You are camouflaged when in or above water. (Stealth+)))
You have tentacles for arms and can constrict up to eight enemies at once.


Message History

You barely miss the yak.
The yak is severely wounded.
The adder completely misses you. The yak misses you.
The adder barely misses you.
You hit the yak.
The yak is severely wounded.
The adder closely misses you. The yak gores you but does no damage.
The centaur unwields a +4 shortbow.
The centaur hits you. The centaur closely misses you.
The adder barely misses you. The yak misses you.
You fly upwards.
There is a stone staircase leading down here.
You hit the yak.
You feel better.
You squeeze the yak.
The yak is almost dead.
The centaur hits you but does no damage.
The centaur closely misses you. The adder closely misses you.
The yak barely misses you. The centaur barely misses you.
The centaur closely misses you.
You hit the yak. Your squeeze misses the yak.
The yak is almost dead.
The adder bites you. The centaur hits you.
The centaur kicks you but does no damage.
The yak gores you! The adder misses you.
You hit the yak.
You feel better.
You squeeze the yak, but do no damage.
The yak is almost dead.
The centaur hits you. The centaur completely misses you. The adder bites you.
You are poisoned.
The adder poisons you! The yak gores you!
* * * LOW HITPOINT WARNING * * *
The centaur misses you.
The centaur kicks you but does no damage.
It was a potion of flight.
You feel more buoyant.
You feel sick. The adder bites you.
* * * LOW HITPOINT WARNING * * *
The centaur barely misses you.
The centaur kicks you but does no damage.
The yak gores you.
You die...
Fedhas appreciates your contribution to the ecosystem.

..................#............##
..................#............##
..................#............##
........................######...
........................# ####
.........)..............#
..................#'#####
....................#
...............S@..##
...............Yc.###############
.....................##..........
..................##.##..........
..................##.##..........
...................#.##..........
..................##.##..........
..................##.#########.#.
.....................##.....#<.#.


You could see a yak, a centaur and an adder.

Vanquished Creatures
  A jelly (D:4)
  An orc priest (D:3)
  An orc wizard (D:3)
  An iguana (D:4)
  Robin (D:3)
  5 gnolls
  An adder (D:2)
  4 worms
  3 dart slugs
  10 orcs
  8 endoplasms
  6 giant cockroaches
  14 hobgoblins
  14 jackals
  10 kobolds
  2 quokkas (D:2)
  5 ball pythons
  2 bats
  7 frilled lizards
  15 goblins
  11 rats
  A spectral kobold (D:1)
123 creatures vanquished.

Notes
Turn   | Place    | Note
-------+----------+-------------------------------------------
     0 | D:1      | Sabo the Octopode Air Elementalist began the quest for the
                  | Orb.
     0 | D:1      | Reached XP level 1. HP: 11/11 MP: 3/3
   246 | D:1      | Reached XP level 2. HP: 17/17 MP: 0/5
   706 | D:1      | Reached XP level 3. HP: 21/21 MP: 1/6
  1287 | D:1      | Reached XP level 4. HP: 27/27 MP: 5/8
  1315 | D:1      | Found a faded altar of an unknown god.
  1359 | D:1      | Prayed at the altar of an unknown god.
  1359 | D:1      | Became a worshipper of Fedhas Madash
  1359 | D:1      | Reached * piety under Fedhas
  2938 | D:2      | Reached ** piety under Fedhas
  3368 | D:2      | Reached XP level 5. HP: 32/32 MP: 9/9
  3914 | D:3      | Reached skill level 1 in Polearms
  4115 | D:3      | Identified a scroll of acquirement
  4116 | D:3      | Acquired the ring "Gobam" {+Blink Str+3 SInv}
  4330 | D:3      | Found a shadowy altar of Dithmenos.
  4490 | D:3      | Reached skill level 4 in Air Magic
  4891 | D:3      | Reached *** piety under Fedhas
  5402 | D:3      | Reached XP level 6. HP: 37/37 MP: 9/11
  5404 | D:3      | Noticed Robin
  5409 | D:3      | Killed Robin
  5777 | D:3      | Learned a level 4 spell: Airstrike
  5787 | D:4      | Noticed a yak
  5833 | D:4      | Found a staircase to the Ecumenical Temple.
  6495 | D:4      | Reached skill level 1 in Fighting
  6871 | D:3      | Slain by a yak

Illustrated notes

Levels and vault maps discovered:
D:1:      scummos_arrival_checkerplants, layout_loops_ring,
          dreamdust_ecumenical_altar_drowned_temple, minmay_indecisive_spiral
D:2:      layout_loops_corners, minmay_joined_circles
D:3:      layout_basic, mainiacjoe_overflow_surrounded_room, uniq_robin
D:4:      layout_rooms, mainiacjoe_overflow_catwalk, minmay_manual_mail

Skill      XL: |  1  2  3  4  5  6 |
---------------+-------------------+-----
Stealth        | 3 |  3.5
Spellcasting   | 3 |  3.6
Polearms       | 1 |  1.8
Conjurations   | 2 |  2.5
Air Magic      | 4 |  4.2
Fighting       | 1 |  1.1
Short Blades   | |  0.3
Maces & Flails | |  0.7
Dodging        | |  2.5

Action                   |  1- 3 |  4- 6 || total
-------------------------+-------+-------++-------
Melee: Whip              |     6 |       ||     6
       Constrict         |    11 |    23 ||    34
       Rapier            |    21 |       ||    21
       Tentacles         |     7 |    20 ||    27
       Spear             |       |   107 ||   107
       Punch             |       |     4 ||     4
 Cast: Shock             |    46 |   146 ||   192
  Use: Scroll            |       |    10 ||    10
       Potion            |       |     1 ||     1
Armor: Skin              |     3 |    17 ||    20
Dodge: Dodged            |    18 |    90 ||   108
